 Dungeon Crawl Stone Soup version 0.21-a0-442-g848f44b (webtiles) character file.

489 tof the Twirler (level 6, -1/48 HPs)
             Began as a Demonspawn Gladiator on Nov 12, 2017.
             Slain by an iron imp (3 damage)
             ... summoned by Eustachio
             ... on level 5 of the Dungeon.
             The game lasted 00:09:10 (4001 turns).

tof the Twirler (Demonspawn Gladiator)              Turns: 4001, Time: 00:09:11

Health: -1/48      AC:  9    Str: 14    XL:     6   Next: 90%
Magic:  6/6        EV:  6    Int: 10    God:
Gold:   69         SH:  0    Dex: 16    Spells: 5/5 levels left

rFire    . . .     SeeInvis .   a - +0 quarterstaff
rCold    . . .     Gourm    .   (shield currently unavailable)
rNeg     . . .     Faith    .   q - +0 scale mail
rPois    .         Spirit   .   c - +0 helmet
rElec    .         Reflect  .   (no cloak)
rCorr    .         Harm     .   (no gloves)
MR       .....                  (no boots)
Stlth    ..........             (no amulet)
HPRegen  0.16/turn              e - +4 ring of slaying
MPRegen  0.10/turn              u - -5 ring of evasion (curse)

@: no status effects
A: talons 1, thin metallic scales 1, powered by death 1, powered by pain 1
a: no special abilities


You were on level 5 of the Dungeon.
You were not hungry.

You visited 1 branch of the dungeon, and saw 5 of its levels.

You collected 230 gold pieces.
You spent 161 gold pieces at shops.

Inventory:

Hand Weapons
 a - a +0 quarterstaff (weapon)
Missiles
 d - 2 throwing nets (quivered)
 h - 25 poisoned needles
 x - 3 needles of confusion
Armour
 c - a +0 helmet (worn)
 q - a +0 scale mail (worn)
Jewellery
 e - a +4 ring of slaying (left hand)
 u - a cursed -5 ring of evasion (right hand)
Wands
 v - a wand of iceblast (6/15)
Scrolls
 b - 3 scrolls of blinking
 g - a scroll of recharging
 k - 2 scrolls of fog
 m - 2 scrolls of enchant armour
 n - 2 scrolls of fear
 o - 3 scrolls of teleportation
 r - a scroll of amnesia {unknown}
 y - 2 scrolls of immolation
Potions
 p - 4 potions of curing {unknown}
 s - a potion of lignification {unknown}
 t - 2 potions of haste {unknown}
 w - a potion of heal wounds {unknown}
 A - 3 potions of magic {unknown}
Comestibles
 f - 2 bread rations
 i - 3 royal jellies
 j - 15 fruits
 z - 2 meat rations


   Skills:
 + Level 3.6 Fighting
 * Level 5.0 Staves
 - Level 1.7 Throwing
 + Level 2.6 Armour
 + Level 4.0 Dodging


You had 5 spell levels left.
You didn't know any spells.

Dungeon Overview and Level Annotations

Branches:
Dungeon (5/15)
 Temple: D:4-7

Altars:
Fedhas
Kikubaaqudgha
Makhleb

Shops:
D:4 *[?

Annotations:
D:5 Eustachio


Innate Abilities, Weirdness & Mutations

You have sharp toenails.
You are partially covered in thin metallic scales. (AC +2)
You regenerate a little health from kills.
You sometimes gain a little power by taking damage.


Message History

You closely miss the iron imp.
You claw the iron imp, but do no damage.
The bat hits you but does no damage. x2
You sock the iron imp!
The iron imp is heavily wounded.
The bat hits you but does no damage. The iron imp hits you.
* * * LOW HITPOINT WARNING * * *
Eustachio mumbles some strange words.
The bat hits you but does no damage.
You hit the iron imp but do no damage.
The iron imp is heavily wounded.
The bat hits you but does no damage. The iron imp hits you.
* * * LOW HITPOINT WARNING * * *
You hit the iron imp.
You claw the iron imp, but do no damage.
The iron imp is heavily wounded.
The bat hits you but does no damage.
The iron imp grins evilly.
The iron imp hits you.
You die...

#.# #.# ###.. #
.#######.... ..###
.......#.... ... ##.#
#...... ######.###
####..####......
....(...b###5...###...#####
.>.....rrb@5@.......###
.....(..####5.....###
........###..?###...#
.........ยง....#####.....
..........r..............
............###.... .....
.........##.............)
........#####....... #...
######.## ....... .##


You could see Eustachio, 2 iron imps, a river rat, a white imp, a quokka and 2
bats.

Vanquished Creatures
  A howler monkey (D:4)
  A crimson imp (D:5)
  A bullfrog zombie (D:5)
  2 hounds
  An orc wizard (D:4)
  A centaur skeleton (D:4)
  2 orc priests (D:4)
  An iguana (D:4)
  6 adders
  An ooze (D:3)
  An adder skeleton (D:4)
  3 dart slugs
  2 leopard geckos
  8 orcs (D:4)
  10 bats
  5 giant cockroaches
  10 goblins
  8 hobgoblins
  20 jackals
  2 quokkas (D:3)
  6 frilled lizards
  3 kobolds
  A leopard gecko skeleton (D:4)
  6 rats
102 creatures vanquished.

Notes
Turn   | Place    | Note
-------+----------+-------------------------------------------
     0 | D:1      | tof the Demonspawn Gladiator began the quest for the Orb.
     0 | D:1      | Reached XP level 1. HP: 16/16 MP: 1/1
   115 | D:1      | Gained mutation: You regenerate a little health from kills. [demonic ancestry]
   115 | D:1      | Reached XP level 2. HP: 14/22 MP: 2/2
   231 | D:1      | Reached skill level 3 in Staves
   555 | D:1      | Gained mutation: You are partially covered in thin metallic scales. (AC +2) [demonic ancestry]
   555 | D:1      | Reached XP level 3. HP: 25/28 MP: 3/3
   852 | D:2      | Found a burning altar of Makhleb.
   875 | D:2      | Reached skill level 1 in Armour
   944 | D:2      | Found a faded altar of an unknown god.
  1676 | D:3      | Reached XP level 4. HP: 34/34 MP: 4/4
  1754 | D:3      | Found an ancient bone altar of Kikubaaqudgha.
  1950 | D:3      | Gained mutation: You have sharp toenails. [demonic ancestry]
  1950 | D:3      | Reached XP level 5. HP: 35/40 MP: 5/5
  2175 | D:3      | Found a blossoming altar of Fedhas.
  2268 | D:3      | Reached skill level 4 in Staves
  2772 | D:4      | Found Xidegaem's Antique Armour Shoppe.
  2800 | D:4      | Gained mutation: You sometimes gain a little power by taking damage. [demonic ancestry]
  2800 | D:4      | Reached XP level 6. HP: 34/47 MP: 6/6
  2950 | D:4      | Found Caleysm's Assorted Antiques.
  3412 | D:4      | Found Wuhu Ruk's Magic Scroll Shop.
  3426 | D:4      | Bought a scroll of blinking for 105 gold pieces
  3426 | D:4      | Bought a scroll of fog for 28 gold pieces
  3426 | D:4      | Bought a scroll of identify for 28 gold pieces
  3707 | D:5      | Entered Level 5 of the Dungeon
  3765 | D:5      | Noticed Eustachio
  3975 | D:5      | Reached skill level 5 in Staves
  4000 | D:5      | HP: 2/48 [iron imp[Eustachio] (4)]
  4001 | D:5      | Slain by an iron imp

Vault maps used:
D:1:      dpeg_arrival_arbitrary_c
D:2:      bloody_makhleb, chequers_ecumenical_altar_simple
D:3:      cheibrodos_old_hovel, fedhas_altar_fruit_tree, lemuel_crystal_altar,
          minmay_cupped
D:4:      first_bread, serial_shops, nicolae_shop_behind_doors, shop,
          nicolae_shop_window_shopping
D:5:      serial_shops, shop_statue, nicolae_ossuary_entry_catacombs,
          uniq_eustachio

Skill      XL: |  1  2  3  4  5  6 |
---------------+-------------------+-----
Staves         | 3 4 5 |  5.0
Dodging        | 3 4 |  4.0
Armour         | 1 2 |  2.6
Fighting       | 3 |  3.6
Throwing       | |  1.7

Action                   |  1- 3 |  4- 6 || total
-------------------------+-------+-------++-------
Melee: Quarterstaff      |   143 |   167 ||   310
       Kick              |       |    35 ||    35
Throw: Throwing net      |       |     1 ||     1
  Use: Scroll            |       |     6 ||     6
 Stab: Sleeping          |     1 |       ||     1
  Eat: Chunk             |     1 |     9 ||    10
Armor: Leather armour    |    54 |       ||    54
       Scale mail        |       |   167 ||   167
Dodge: Dodged            |   106 |   101 ||   207

Table legend:
 A = Spawn XP
 B = Non-spawn XP
 C = Spawn XP percentage of total XP
 D = Spawn monster count
 E = Non-spawn monster count
 F = Spawn count percentage of total count
 G = Total turns spent on level
                    A         B        C        D         E        F      G
               +---------+---------+-------+---------+---------+-------+---------
         Total |       0 |     699 |   0.0 |       0 |     102 |   0.0 |  4001
               +---------+---------+-------+---------+---------+-------+---------
           D:1 |       0 |      53 |   0.0 |       0 |      30 |   0.0 |   841
           D:2 |       0 |      42 |   0.0 |       0 |      17 |   0.0 |   777
           D:3 |       0 |     158 |   0.0 |       0 |      29 |   0.0 |  1115
           D:4 |       0 |     347 |   0.0 |       0 |      21 |   0.0 |  1153
           D:5 |       0 |      99 |   0.0 |       0 |       5 |   0.0 |   115
               +---------+---------+-------+---------+---------+-------+---------
